Map: Blackpink LE

Players

MattL - Winner!

  • Race: Terran Terran
  • Spawn Location: 7:00

IagoAbreu

  • Race: Zerg Zerg
  • League: Silver
  • Spawn Location: 1:00

VOD

Have the link to the VOD?

Description

Time

  • Played on: Feb. 24, 2018, 9:45 p.m.
  • Length: 12:34
Show
View Real Time Build Order
Export as new Build Order

MattL Terran - Winner!

Build Orders:  

Get SALT Encoding   

  12  0:01  SCV  
  13  0:14  SCV  
  14  0:27  Supply Depot  
  14  0:29  SCV  
  15  0:48  SCV  
  16  0:50  Barracks  
  16  1:01  SCV  
  17  1:13  SCV  
  18  1:21  Supply Depot  
  18  1:22  Refinery  
  18  1:25  SCV  
  19  1:37  SCV  
  20  1:41  Marine  
  21  1:49  SCV  
  21  1:51  Barracks  
  22  2:00  Marine  
  23  2:01  SCV  
  24  2:16  Command Center  
  24  2:28  Orbital Command  
  24  2:33  Marine  
  25  2:40  Factory  
  25  2:46  Barracks Reactor  
  26  2:58  SCV  
  26  3:07  Engineering Bay  
  26  3:15  SCV  
  26  3:19  Marine  
  28  3:20  Refinery  
  28  3:29  Supply Depot  
  28  3:42  Marine x2  
  28  3:45  Factory Tech Lab  
  28  3:47  SCV  
  31  4:01  SCV  
  32  4:03  SCV  
  32  4:08  Siege Tank  
  32  4:09  Marine x3  
  39  4:19  Orbital Command  
  39  4:20  SCV  
  40  4:29  Supply Depot  
  40  4:32  SCV  
  41  4:39  Supply Depot  
  41  4:45  SCV  
  42  4:55  Engineering Bay  
  42  4:56  Engineering Bay  
  42  4:57  Marine, Siege Tank  
  42  4:58  Marine x2  
  48  5:00  SCV  
  49  5:14  SCV  
  50  5:26  Barracks  
  50  5:29  Siege Tank  
  50  5:31  Refinery  
  50  5:32  Refinery  
  53  5:41  SCV  
  53  5:57  Marine  
  53  5:58  Marine x2  
  43  6:15  Marine x2  
  42  6:23  Orbital Command  
  40  6:43  Marine  
  40  6:44  Marine  
  37  6:54  Marine  
  35  7:01  Marine, Siege Tank  
  35  7:02  Marine  
  40  7:40  Orbital Command  
  40  7:56  Marine x3  
  40  7:57  Siege Tank  
  46  8:14  Marine  
  46  8:16  Orbital Command  
  43  8:34  Marine x3  
  44  8:45  SCV  
  45  8:55  SCV  
  42  8:58  SCV  
  40  9:07  SCV  
  41  9:10  SCV, Marine x2  
  44  9:21  SCV  
  45  9:25  Marine  
  45  9:27  Marine  
  45  9:28  Marine  
  48  9:33  Barracks  
  48  9:35  Barracks x2  
  48  9:43  Marine  
  49  9:45  Marine x2  
  49  9:50  Refinery  
  51  10:24  Barracks Reactor x2  
  51  10:30  Barracks Tech Lab  
  51  10:31  Siege Tank  
  51  10:33  Terran Infantry Weapons Level 1  
  51  10:34  Terran Infantry Armor Level 1  
  50  10:51  Command Center  
  50  10:52  Marine, Marauder  
  53  11:04  Marine  
  53  11:05  Marine x5  
  54  11:26  Supply Depot  
  54  11:28  Supply Depot  
  53  11:36  Marine x6  
  53  11:37  Marine x2  
  60  11:50  Supply Depot x2  
  60  11:54  Marine x8, Starport  
  65  12:11  Marine  
  65  12:12  Marine x4  
  65  12:13  Supply Depot  
  72  12:30  Supply Depot  
  72  12:32  Starport  
Show
View Real Time Build Order
Export as new Build Order

IagoAbreu Zerg 

Build Orders: 3 Hatch before Pool 

Get SALT Encoding   

  12  0:05  Drone  
  13  0:08  Drone  
  14  0:32  Overlord  
  14  0:45  Hatchery  
  14  0:49  Drone  
  14  0:58  Drone x2  
  16  1:21  Drone  
  17  1:29  Hatchery  
  17  1:30  Drone  
  17  1:34  Drone  
  18  1:44  Drone  
  18  1:45  Overlord  
  19  1:57  Extractor  
  19  2:00  Drone, Extractor  
  18  2:03  Drone  
  19  2:11  Drone  
  19  2:14  Spawning Pool  
  19  2:32  Drone x2  
  19  2:33  Evolution Chamber  
  20  2:41  Drone x4  
  24  2:56  Drone  
  25  3:05  Queen  
  25  3:12  Queen  
  27  3:14  Queen  
  31  3:39  Zergling x6  
  34  3:54  Drone  
  35  4:00  Drone x3  
  38  4:05  Drone x3  
  41  4:13  Zerg Missile Weapons Level 1  
  41  4:28  Hatchery  
  41  4:29  Hatchery  
  39  4:44  Burrow  
  39  4:47  Lair  
  39  4:52  Extractor  
  38  4:53  Extractor  
  38  4:55  Drone x5  
  42  5:03  Overlord x4  
  42  5:04  Overlord  
  42  5:11  Queen  
  41  5:20  Zergling x2  
  42  5:22  Zergling x8  
  46  5:30  Zergling x6  
  46  5:31  Zergling x10  
  48  6:01  Pneumatized Carapace  
  34  6:23  Zergling x12  
  34  6:24  Zergling x16  
  34  6:25  Zergling x12  
  48  6:26  Zergling x4  
  31  6:58  Hydralisk Den  
  30  7:04  Zergling x12  
  36  7:26  Drone x3  
  39  7:30  Drone x2  
  40  8:09  Hydralisk x2  
  40  8:10  Hydralisk x2  
  40  8:11  Hydralisk  
  20  8:45  Drone x3  
  20  8:46  Drone  
  19  9:07  Extractor  
  18  9:10  Extractor  
  17  9:50  Drone x6  
  17  9:51  Drone x3  
  26  9:57  Drone  
  27  10:07  Hydralisk  
  27  10:09  Hydralisk x2  
  27  10:14  Hydralisk x3  
  27  10:16  Hydralisk  
  27  10:50  Hydralisk x2  
  23  11:14  Hydralisk x2  
  18  11:50  Hydralisk x4  
Tags
 
Add a new tag
Caveats
  • Supply blocks, unpowered buildings, or Contaminate may cause inaccurate times.
  • Supply counts are checked every 10 seconds.